 Dungeon Crawl Stone Soup version 0.30-a0-359-gd0147acb1a (webtiles) character file.

Game seed: 15707533241182047110

15026 oldmanjim the Blocker (level 12, -3/97 HPs)
             Began as a Gnoll Fighter on Nov 10, 2022.
             Was a Believer of the Shining One.
             Killed from afar by Lodul (26 damage)
             ... with a bolt of lightning
             ... on level 11 of the Dungeon on Nov 11, 2022.
             The game lasted 01:22:55 (11555 turns).

oldmanjim the Blocker (Gnoll Fighter)              Turns: 11555, Time: 01:22:56

Health: -3/97      AC: 22    Str: 24    XL:     12   Next: 22%
Magic:  14/14      EV:  9    Int: 10    God:    the Shining One [**....]
Gold:   829        SH:  0    Dex: 12    Spells: 25/25 levels left

rFire   + . .      SeeInvis .    a - +8 hand axe of Judgement {vorpal, rF+ rC+ rN+ Int+2}
rCold   + + .      Faith    .    (no shield)
rNeg    + + +      Spirit   .    h - +0 plate armour
rPois   .          Reflect  .    u - +1 helmet
rElec   .          Harm     .    (no cloak)
rCorr   .          Rampage  ∞    o - +0 pair of gloves
Will    +....                    B - +3 pair of seven-league boots {Rampage+∞}
Stlth   ..........               k - amulet of regeneration
HPRegen 1.16/turn                s - ring of willpower
MPRegen 0.14/turn                g - ring of Taloif {+Blink rC+ rN+ MP-9 Str+4}

@: glowing
A: fangs 1, strong nose, distributed training
a: Renounce Religion, Evoke Blink, Divine Shield


You were on level 11 of the Dungeon.
You worshipped the Shining One.
The Shining One was pleased with you.
You visited 2 branches of the dungeon, and saw 12 of its levels.
You also visited: Ossuary and Bailey.

You collected 829 gold pieces.

Inventory:

Hand Weapons
 a - the +8 hand axe of Judgement (weapon) {vorpal, rF+ rC+ rN+ Int+2}
   (You took it off a kobold brigand on level 7 of the Dungeon)

   It inflicts extra damage upon your enemies.
   Int:       It affects your intelligence (+2).
   rF:        It protects you from fire.
   rC:        It protects you from cold.
   rN:        It protects you from negative energy.
 b - the +12 shortbow "Gaunen" {elec, rF- rC+ rN+ Dex+4}
   (You took it off a kobold in a bailey)

   Any ammunition fired from it occasionally discharges a powerful burst of
   electricity upon striking a foe.
   Dex:       It affects your dexterity (+4).
   rF:        It makes you vulnerable to fire.
   rC:        It protects you from cold.
   rN:        It protects you from negative energy.
 d - a +1 vorpal broad axe
 m - a +4 vorpal morningstar
 T - a +5 broad axe
Missiles
 c - 6 atropa-tipped darts
 l - 16 boomerangs (quivered)
 v - 120 stones
 x - a throwing net
 D - a curare-tipped dart
 Q - 31 poisoned darts
 S - 12 javelins
Armour
 h - a +0 plate armour (worn)
 o - a +0 pair of gloves (worn)
 u - a +1 helmet (worn)
 z - a +0 kite shield
 B - the +3 pair of seven-league boots (worn) {Rampage+∞}
   (You acquired it on level 6 of the Dungeon)

   Its wearer moves as far as possible in that direction when moving towards
   enemies.
Jewellery
 g - the ring of Taloif (right hand) {+Blink rC+ rN+ MP-9 Str+4}
   (You acquired it on level 5 of the Dungeon)

   [ring of positive energy]

   Str:       It affects your strength (+4).
   rC:        It protects you from cold.
   rN:        It protects you from negative energy.
   MP:        It affects your magic capacity (-9).
   +Blink:    It lets you blink.
 k - an amulet of regeneration (around neck)
 n - a ring of fire
 s - a ring of willpower (left hand)
 y - a ring of flight
 V - a +6 ring of intelligence
Wands
 A - a wand of digging (5)
 L - a wand of quicksilver (7)
 R - a wand of roots (7)
Scrolls
 e - 7 scrolls of immolation
 i - 2 scrolls of identify
 q - a scroll of magic mapping
 r - 5 scrolls of enchant weapon
 C - 4 scrolls of teleportation
 F - a scroll of poison
 G - a scroll of torment
 H - a scroll of brand weapon
 I - 4 scrolls of butterflies
 J - 2 scrolls of amnesia
 K - 2 scrolls of fear
 P - a scroll of vulnerability
 U - a scroll of blinking
Potions
 f - 13 potions of curing
 j - a potion of magic
 p - 7 potions of flight
 t - a potion of cancellation
 w - 3 potions of mutation
 E - 9 potions of attraction
 M - a potion of invisibility
 N - 3 potions of heal wounds
 O - a potion of resistance


   Skills:
 + Level 9.9 Fighting
 + Level 7.3 Short Blades
 + Level 7.3 Long Blades
 + Level 8.7 Axes
 + Level 7.3 Maces & Flails
 + Level 7.3 Polearms
 + Level 7.3 Staves
 + Level 7.3 Ranged Weapons
 + Level 7.3 Throwing
 + Level 9.9 Armour
 + Level 7.3 Dodging
 + Level 7.3 Stealth
 + Level 9.9 Shields
 + Level 7.3 Unarmed Combat
 + Level 7.3 Spellcasting
 + Level 6.1 Conjurations
 + Level 6.1 Hexes
 + Level 6.1 Summonings
 + Level 6.1 Necromancy
 + Level 6.1 Translocations
 + Level 6.1 Transmutations
 + Level 6.1 Fire Magic
 + Level 6.1 Ice Magic
 + Level 6.1 Air Magic
 + Level 6.1 Earth Magic
 + Level 6.1 Poison Magic
 + Level 8.0 Invocations
 + Level 7.3 Evocations


You had 25 spell levels left.
You didn't know any spells.
Your spell library contained the following spells:

 Spells                   Type           Power      Damage    Failure   Level
 Sandblast                Erth           30%        2d9       17%         1
 Sting                    Tmut/Pois      60%        1d6       17%         1
 Passwall                 Tmut/Erth      12%        N/A       26%         2
 Poisonous Vapours        Pois/Air       30%        N/A       26%         2
 Scorch                   Fire           30%        2d6       26%         2
 Sublimation of Blood     Necr           15%        N/A       26%         2
 Call Canine Familiar     Summ           15%        N/A       45%         3
 Gell's Gravitas          Tloc           15%        N/A       45%         3
 Lesser Beckoning         Tloc           30%        N/A       45%         3
 Ozocubu's Armour         Ice            15%        N/A       45%         3
 Portal Projectile        Hex/Tloc       30%        N/A       45%         3
 Stone Arrow              Conj/Erth      30%        3d8       45%         3
 Teleport Other           Tloc           15%        N/A       45%         3
 Flame Wave               Conj/Fire      15%        2d7       86%         4
 Leda's Liquefaction      Hex/Erth       7%         N/A       86%         4
 Olgreb's Toxic Radiance  Pois           15%        N/A       86%         4
 Petrify                  Tmut/Erth      15%        N/A       86%         4
 Blade Hands              Tmut           7%         N/A       99%         5
 Irradiate                Conj/Tmut      7%         3d14      99%         5
 Metabolic Englaciation   Hex/Ice        7%         N/A       99%         5
 Simulacrum               Ice/Necr       7%         N/A       100%        6
 Summon Cactus Giant      Summ           7%         N/A       100%        6
 Dragon Form              Tmut           7%         N/A       100%        7


Dungeon Overview and Level Annotations

Branches:
Dungeon (11/15)            Temple (1/1) D:7            Lair (0/5) D:11
    Orc (0/2) D:11        Ossuary (visited)          Bailey (visited)

Altars:
Ashenzari
Cheibriados
Dithmenos
Elyvilon
Fedhas
Gozag
Hepliaklqana
Kikubaaqudgha
Makhleb
Nemelex Xobeh
Okawaru
Qazlal
Ru
Sif Muna
Trog
Uskayaw
Vehumet
Wu Jian
Xom
Yredelemnul
Zin
The Shining One

Shops:
D:9 *

Annotations:
D:7 1 runed translucent door, Crazy Yiuf
D:9 Harold
D:11 Lodul


Innate Abilities, Weirdness & Mutations

You have very sharp teeth.
Your uncanny sense of smell can sniff out nearby items.
Your experience applies equally to all skills.


Message History

You shoot an arrow. The arrow hits the orc warrior!
You kill the orc warrior!
Lodul the Thundrous comes into view.
He is wielding a +0 dire flail.
You shoot an arrow. The arrow hits the orc warrior!
The orc warrior is moderately wounded.
Electricity crackles from Lodul's apparatus.
The bolt of lightning misses you.
You shoot an arrow. The arrow hits the orc warrior!!
You kill the orc warrior!
Electricity crackles from Lodul's apparatus.
The bolt of lightning hits you!!
You shoot an arrow. The arrow hits the orc!!
You kill the orc!
An ogre comes into view. It is wielding a +0 giant club.
You shoot an arrow. The ogre shouts!
The arrow hits the ogre!
The ogre is heavily wounded.
Electricity crackles from Lodul's apparatus.
The bolt of lightning hits you!!
The +12 shortbow "Gaunen" {elec, rF- rC+ rN+ Dex+4} stops crackling.
You feel clever.
a - the +8 hand axe of Judgement (weapon)
{vorpal, rF+ rC+ rN+ Int+2} The ogre barely misses you.
An ogre comes into view. It is wielding a +0 giant spiked club.
You hit the ogre but do no damage. You bite the ogre, but do no damage.
The ogre is heavily wounded.
Electricity crackles from Lodul's apparatus.
The bolt of lightning misses you.
You slice the ogre!!
You kill the ogre!
Electricity crackles from Lodul's apparatus.
The bolt of lightning hits you!!
An ogre comes into view. It is wielding a +0 giant club.
Electricity crackles from Lodul's apparatus.
The bolt of lightning hits you!!
* * * LOW HITPOINT WARNING * * *
Electricity crackles from Lodul's apparatus.
The bolt of lightning hits you!!
You die...

#.# #.####.#..#'#O.# #.# #.#
#.#.# .##.# #.# ##.####O#.
∆.?#O# ###.####..O..O.#. ∆ #.#
#.........####.#.# ##.#
#.#.#####......#..#+#..#
#.#............##......#
#.######.#.######..8..##
#########......@###.# ###....##
#..........#####.#.#####.##..^.#
#.#######.## ##.##.....####...
#.# #.# #..........##### #.# #.#
#####.####.# # #.# #.# #.# #[#
#.# #.# #.# #.# #.# ###.### #.#
#.#### #.# #.....# #.# #....#


You could see Lodul.

Vanquished Creatures
  A death knight (D:8)
  A two-headed ogre (D:8)
  Urug (D:10)
  Nergalle (D:11)
  3 orc knights (Bailey)
  A gargoyle (D:11)
  Psyche (D:11)
  3 trolls
  3 hornets
  2 wraiths
  2 shadows (D:10)
  11 yaks
  3 wyverns
  3 steam dragons
  Grum (D:10)
  Menkaure (D:7)
  A warg (D:11)
  An acid dragon (D:11)
  2 water moccasins (D:8)
  10 orc warriors
  A black bear (D:8)
  4 sky beasts
  2 wolves (D:10)
  2 centaurs (D:9)
  4 ogres
  4 kobold brigands
  7 bullfrogs
  A gnoll sergeant (D:10)
  3 necrophages
  5 scorpions
  10 wights
  13 killer bees
  3 howler monkeys (D:9)
  3 centaur zombies (Ossuary)
  9 hounds
  9 orc priests
  Terence (D:2)
  4 jellies
  A gnoll bouda (D:9)
  3 iguanas
  5 orc wizards
  Natasha (thrice) (D:2)
  A statue (D:10)
  2 ogre zombies (Ossuary)
  7 mummies (Ossuary)
  Robin (D:3)
  7 gnolls
  7 adders
  3 white imps
  An ufetubus (D:6)
  3 adder zombies (Ossuary)
  3 worms
  3 dart slugs
  38 orcs
  6 ball pythons
  7 endoplasms
  2 giant cockroaches
  18 goblins
  6 hobgoblins
  6 jackals
  34 kobolds
  2 quokkas
  5 bats
  4 frilled lizards
  A gnoll zombie (Ossuary)
  5 goblin zombies (Ossuary)
  A hobgoblin zombie (Ossuary)
  5 kobold zombies (Ossuary)
  5 quokka zombies (Ossuary)
  6 rats
  5 rat zombies (Ossuary)
343 creatures vanquished.

Vanquished Creatures (others)
  A demonic plant (D:2)
  5 plants (D:2)
6 creatures vanquished.

Grand Total: 349 creatures vanquished

Notes
Turn   | Place    | Note
-------+----------+-------------------------------------------
     0 | D:1      | oldmanjim the Gnoll Fighter began the quest for the Orb.
     0 | D:1      | Reached XP level 1. HP: 23/23 MP: 1/1
   269 | D:1      | Reached XP level 2. HP: 26/29 MP: 2/2
   763 | D:2      | Noticed Natasha
   769 | D:2      | Reached XP level 3. HP: 33/35 MP: 3/3
   770 | D:2      | Killed Natasha
   771 | D:2      | Reached skill level 1 in Short Blades
   771 | D:2      | Reached skill level 1 in Long Blades
   771 | D:2      | Reached skill level 1 in Maces & Flails
   771 | D:2      | Reached skill level 1 in Polearms
   771 | D:2      | Reached skill level 1 in Staves
   771 | D:2      | Reached skill level 1 in Ranged Weapons
   771 | D:2      | Reached skill level 1 in Throwing
   771 | D:2      | Reached skill level 1 in Dodging
   771 | D:2      | Reached skill level 1 in Stealth
   771 | D:2      | Reached skill level 1 in Unarmed Combat
   771 | D:2      | Reached skill level 1 in Spellcasting
   771 | D:2      | Reached skill level 1 in Invocations
   771 | D:2      | Reached skill level 1 in Evocations
   867 | D:1      | Reached XP level 4. HP: 41/41 MP: 5/5
   892 | D:1      | Reached skill level 1 in Conjurations
   892 | D:1      | Reached skill level 1 in Hexes
   892 | D:1      | Reached skill level 1 in Summonings
   892 | D:1      | Reached skill level 1 in Necromancy
   892 | D:1      | Reached skill level 1 in Translocations
   892 | D:1      | Reached skill level 1 in Transmutations
   892 | D:1      | Reached skill level 1 in Fire Magic
   892 | D:1      | Reached skill level 1 in Ice Magic
   892 | D:1      | Reached skill level 1 in Air Magic
   892 | D:1      | Reached skill level 1 in Earth Magic
   892 | D:1      | Reached skill level 1 in Poison Magic
   957 | D:2      | Noticed Terence
   976 | D:2      | Killed Terence
   998 | D:2      | Found a faded altar of an unknown god.
  1033 | D:2      | Reached XP level 5. HP: 47/47 MP: 7/7
  1057 | D:2      | Noticed Natasha
  1062 | D:2      | Killed Natasha
  1071 | D:2      | Noticed Natasha
  1086 | D:2      | Killed Natasha
  1664 | D:3      | Noticed Robin
  1947 | D:3      | Reached XP level 6. HP: 53/53 MP: 8/8
  2065 | D:3      | Found an ancient bone altar of Kikubaaqudgha.
  2096 | D:3      | Found a bloodstained altar of Trog.
  2148 | D:3      | Killed Robin
  2424 | D:4      | Reached skill level 5 in Axes
  3327 | D:5      | Entered Level 5 of the Dungeon
  3421 | D:5      | Identified a scroll of acquirement
  3421 | D:5      | Acquired the ring of Taloif {+Blink rC+ rN+ MP-9 Str+4}
  3438 | D:4      | Reached XP level 7. HP: 60/60 MP: 1/10
  3719 | D:5      | Identified the +0 ring mail "Fisegako" {Str+3}
  3839 | D:5      | Reached XP level 8. HP: 62/67 MP: 3/12
  4141 | D:6      | Found a sand-covered staircase.
  4152 | Ossuary  | Entered an ossuary
  4691 | D:6      | Acquired the +3 pair of seven-league boots {Rampage+∞}
  4691 | D:6      | Found the +3 pair of seven-league boots {Rampage+∞}
  5092 | D:6      | Reached XP level 9. HP: 71/73 MP: 5/14
  5112 | D:6      | You fall into a shaft and drop 1 floor!
  5163 | D:7      | Noticed a hornet
  5164 | D:7      | Identified the +8 hand axe of Judgement {vorpal, rF+ rC+
                  | rN+ Int+2}
  5175 | D:7      | Killed a hornet
  5248 | D:7      | Found a flagged portal.
  5258 | Bailey   | Entered a bailey
  5268 | Bailey   | Noticed an orc knight
  5324 | Bailey   | Noticed an orc knight
  5369 | Bailey   | Killed an orc knight
  5376 | Bailey   | Noticed an orc knight
  5464 | Bailey   | Reached skill level 5 in Invocations
  5505 | Bailey   | Identified the +12 shortbow "Gaunen" {elec, rF- rC+ rN+
                  | Dex+4}
  5588 | Bailey   | Killed an orc knight
  5786 | Bailey   | Killed an orc knight
  5787 | Bailey   | Reached skill level 5 in Short Blades
  5787 | Bailey   | Reached skill level 5 in Long Blades
  5787 | Bailey   | Reached skill level 5 in Maces & Flails
  5787 | Bailey   | Reached skill level 5 in Polearms
  5787 | Bailey   | Reached skill level 5 in Staves
  5787 | Bailey   | Reached skill level 5 in Ranged Weapons
  5787 | Bailey   | Reached skill level 5 in Throwing
  5787 | Bailey   | Reached skill level 5 in Dodging
  5787 | Bailey   | Reached skill level 5 in Stealth
  5787 | Bailey   | Reached skill level 5 in Unarmed Combat
  5787 | Bailey   | Reached skill level 5 in Spellcasting
  5787 | Bailey   | Reached skill level 5 in Evocations
  5787 | Bailey   | Reached XP level 10. HP: 31/82 MP: 8/17
  6232 | D:7      | Found a staircase to the Ecumenical Temple.
  6242 | Temple   | Entered the Ecumenical Temple
  6535 | D:7      | Noticed Menkaure
  6537 | D:7      | Killed Menkaure
  6573 | D:7      | Found a runed translucent door.
  6574 | D:7      | Noticed Crazy Yiuf
  7583 | D:8      | Noticed a two-headed ogre
  7589 | D:8      | Killed a two-headed ogre
  7743 | D:8      | Noticed a death knight
  7748 | D:8      | Paralysed by a hornet for 1 turns
  7766 | D:8      | Reached skill level 5 in Conjurations
  7766 | D:8      | Reached skill level 5 in Hexes
  7766 | D:8      | Reached skill level 5 in Summonings
  7766 | D:8      | Reached skill level 5 in Necromancy
  7766 | D:8      | Reached skill level 5 in Translocations
  7766 | D:8      | Reached skill level 5 in Transmutations
  7766 | D:8      | Reached skill level 5 in Fire Magic
  7766 | D:8      | Reached skill level 5 in Ice Magic
  7766 | D:8      | Reached skill level 5 in Air Magic
  7766 | D:8      | Reached skill level 5 in Earth Magic
  7766 | D:8      | Reached skill level 5 in Poison Magic
  8013 | Temple   | Became a worshipper of the Shining One
  8071 | D:8      | Reached XP level 11. HP: 89/89 MP: 11/20
  8221 | D:9      | Found a blossoming altar of Fedhas.
  8325 | D:9      | Found an iron altar of Okawaru.
  8358 | D:9      | Found Nimood's Assorted Antiques.
  8358 | D:9      | Noticed a two-headed ogre
  8439 | D:9      | Reached * piety under the Shining One
  8900 | D:9      | Found an ornate altar of the Wu Jian Council.
  8966 | D:9      | Found a shimmering altar of Xom.
  9073 | D:9      | Found a glowing silver altar of Zin.
  9144 | D:9      | Noticed Harold
  9449 | D:8      | Killed a death knight
  9644 | D:9      | Found an opulent altar of Gozag.
  9715 | D:10     | Entered Level 10 of the Dungeon
  9788 | D:10     | Noticed Urug
  9827 | D:10     | Killed Urug
  9900 | D:10     | Noticed Grum
  9903 | D:10     | Killed Grum
 10017 | D:10     | Found a radiant altar of Vehumet.
 10668 | D:11     | Noticed Nergalle
 10673 | D:11     | Noticed a spectral orc warlord
 10684 | D:11     | Killed Nergalle
 10685 | D:11     | Reached XP level 12. HP: 23/97 MP: 13/22
 10753 | D:11     | Reached ** piety under the Shining One
 10881 | D:11     | Upgraded the game from 0.30-a0-358-g0d69a1922f to
                  | 0.30-a0-359-gd0147acb1a
 10902 | D:11     | Found a staircase to the Orcish Mines.
 11038 | D:11     | Noticed Psyche
 11050 | D:11     | Killed Psyche
 11093 | D:11     | Found a staircase to the Lair.
 11192 | D:11     | Identified the +2 leather armour of the Meadowlark {rPois
                  | rC+}
 11532 | D:11     | Noticed Lodul
 11555 | D:11     | Killed from afar by Lodul

Illustrated notes

Levels and vault maps discovered:
D:1:      spicycebolla_arrival_clurvy, layout_basic
D:2:      layout_loops_cross, shapermc_ecumenical_altar_gd, minmay_cut_off,
          uniq_terence, uniq_natasha
D:3:      layout_basic, mainiacjoe_overflow_two_lobes, uniq_robin
D:4:      layout_loops_corners, serial_bayou, serial_bayou_ford_a,
          serial_bayou_shore_b, serial_bayou_pond_d, serial_bayou_pond_e
D:5:      layout_rooms
D:6:      layout_rooms, lightli_ossuary_entry_decrepit_ruins
D:7:      layout_basic, minmay_temple_entry_statues_pillars, enter_bailey_2,
          uniq_menkaure, uniq_crazy_yiuf_cottage
D:8:      layout_rooms, amethyst_killhole, grunt_decor_mini_mirrors,
          grunt_potential
D:9:      minmay_four_partial_circles, layout_loops_ring,
          general_overflow_altar, mainiacjoe_overflow_alcove_2,
          kennysheep_little_box, old_standard_altar,
          fedhas_bush_and_centaur_altar, mainiacjoe_overflow_boulevard,
          serial_shops, nicolae_take_the_stairs, hangedman_decor_push,
          uniq_harold
D:10:     layout_loops_cross, vehumet_statue, uniq_urug, uniq_grum
D:11:     layout_loops_ring, lair_entry_dummy, david_orc_1_choice, uniq_psyche,
          uniq_lodul, uniq_nergalle
Temple:   nicolae_temple_figure_eight

Skill      XL: |  1  2  3  4  5  6  7  8  9 10 11 12 |
---------------+-------------------------------------+-----
Short Blades   | 1 2 3 5 6 7 |  7.3
Long Blades    | 1 2 3 5 6 7 |  7.3
Maces & Flails | 1 2 3 5 6 7 |  7.3
Polearms       | 1 2 3 5 6 7 |  7.3
Staves         | 1 2 3 5 6 7 |  7.3
Ranged Weapons | 1 2 3 5 6 7 |  7.3
Throwing       | 1 2 3 5 6 7 |  7.3
Dodging        | 1 2 3 5 6 7 |  7.3
Stealth        | 1 2 3 5 6 7 |  7.3
Unarmed Combat | 1 2 3 5 6 7 |  7.3
Spellcasting   | 1 2 3 5 6 7 |  7.3
Invocations    | 1 2 3 4 5 6 7 8 |  8.0
Evocations     | 1 2 3 5 6 7 |  7.3
Conjurations   | 1 2 3 4 5 6 |  6.1
Hexes          | 1 2 3 4 5 6 |  6.1
Summonings     | 1 2 3 4 5 6 |  6.1
Necromancy     | 1 2 3 4 5 6 |  6.1
Translocations | 1 2 3 4 5 6 |  6.1
Transmutations | 1 2 3 4 5 6 |  6.1
Fire Magic     | 1 2 3 4 5 6 |  6.1
Ice Magic      | 1 2 3 4 5 6 |  6.1
Air Magic      | 1 2 3 4 5 6 |  6.1
Earth Magic    | 1 2 3 4 5 6 |  6.1
Poison Magic   | 1 2 3 4 5 6 |  6.1
Axes           | 5 6 7 8 |  8.7
Fighting       | 7 8 9 |  9.9
Armour         | 7 8 9 |  9.9
Shields        | 7 8 9 |  9.9

Action                   |  1- 3 |  4- 6 |  7- 9 | 10-12 || total
-------------------------+-------+-------+-------+-------++-------
Melee: War axe           |    72 |   178 |   280 |       ||   530
       Bite              |     6 |    12 |    43 |    41 ||   102
       Hand axe          |       |       |    81 |   256 ||   337
       Battleaxe         |       |       |    24 |       ||    24
       Punch             |       |       |       |    13 ||    13
 Fire: Sling             |       |     3 |    72 |     5 ||    80
       Shortbow          |       |       |       |   232 ||   232
Throw: Stone             |       |    17 |     3 |       ||    20
       Throwing net      |       |       |     2 |       ||     2
  Use: Scroll            |       |    15 |     4 |     7 ||    26
       Potion            |       |       |     4 |     3 ||     7
Armor: Scale mail        |    27 |    73 |   144 |       ||   244
       Plate armour      |       |       |    10 |   232 ||   242
Dodge: Dodged            |    27 |    81 |   154 |   176 ||   438
Block: Buckler           |    23 |    43 |    80 |     2 ||   148

Table legend: (Time is in decaauts)
 A = Elapsed time spent in this place.
 B = Non-inter-level travel time spent in this place.
 C = Inter-level travel time spent in this place.
 D = Time resting spent in this place.
 E = Time spent auto-exploring this place.
 F = Levels seen in this place.
 G = Mean time per level.
                   A        B        C        D        E       F      G
               +--------+--------+--------+--------+--------+-----+--------+
         Total |  11823 |  10928 |    895 |    615 |   6603 |  14 |  844.5 |
       Dungeon |  10018 |   9162 |    856 |    407 |   6133 |  11 |  910.7 |
        Temple |    251 |    212 |     39 |      0 |    207 |   1 |  251.0 |
       Ossuary |    567 |    567 |      0 |      9 |    194 |   1 |  567.0 |
        Bailey |    986 |    986 |      0 |    199 |     69 |   1 |  986.0 |
               +--------+--------+--------+--------+--------+-----+--------+

Top non-repeatable levels by time:
     D:7: 1308 daAuts
     D:4: 1064 daAuts
     D:9: 1051 daAuts
    D:10: 1050 daAuts
  Bailey: 986 daAuts
     D:2: 934 daAuts
    D:11: 833 daAuts
     D:1: 822 daAuts
     D:8: 794 daAuts
     D:3: 780 daAuts
     D:6: 697 daAuts
     D:5: 679 daAuts
 Ossuary: 567 daAuts
  Temple: 251 daAuts
